 Dungeon Crawl Stone Soup version 0.31-a0-564-g3b7de120b3 (webtiles) character file.

Game seed: 17335167266488104829

478 avis the Nimble (level 6, -2/26 HPs)
             Began as a Felid Shapeshifter on Aug 18, 2023.
             Was an Initiate of Gozag.
             Slain by a gnoll bouda
             ... wielding a +0 club
              (13 damage)
             ... on level 6 of the Dungeon.
             The game lasted 00:18:18 (4534 turns).

avis the Nimble (Felid Shapeshifter)                Turns: 4534, Time: 00:18:18

Health: -2/26      AC:  2    Str: 11    XL:     6   Next: 85%
Magic:  7/7        EV: 24    Int: 10    God:    Gozag
Gold:   348        SH:  0    Dex: 18    Spells: 5/5 levels left
                                        Lives:  0   Deaths: 2

rFire   . .          .
                       - Unarmed
rCold   . . .        (shield unavailable)
rNeg    . . .        (body armour unavailable)
rPois   .            (helmet unavailable)
rElec   .            (cloak unavailable)
rCorr   .            (gloves unavailable)
SInv    +            (boots unavailable)
Will    .....        (no amulet)
Stlth   ++           (no ring)
HPRegen 0.24/turn    (no ring)
MPRegen 0.10/turn

%: no passive effects
@: beast-form, weakened, gold aura, unable to read, quick
A: beast (slay +2), very small, claws 1, fangs 3, see invisible, speed 1, shaggy
fur 2, stealthy paws, no weapons or thrown items, no armour, multi-lived,
mutation resistance 1, inability to read after injury 1
a: Begin Untransformation, Renounce Religion, Potion Petition, Call Merchant,
Bribe Branch


You were on level 6 of the Dungeon.
You worshipped Gozag.
Gozag was aware of your devotion.
You were a hulking beast.
You visited 1 branch of the dungeon, and saw 6 of its levels.

You collected 390 gold pieces.
You paid 42 gold pieces to Gozag.

Inventory:

Jewellery
 w - an amulet of magic regeneration
Talismans
 b - a beast talisman (active)
 c - a flux talisman
Scrolls
 d - 2 scrolls of fog {unknown}
 e - 3 scrolls of identify {unknown}
 f - 3 scrolls of blinking {unknown}
 j - a scroll of fear {unknown}
 n - 3 scrolls of teleportation {unknown}
 p - a scroll of revelation {unknown}
 q - a scroll of silence {unknown}
 s - a scroll of enchant armour {unknown}
 x - a scroll of summoning {unknown}
Potions
 a - a potion of lignification
 g - a potion of mutation
 h - 2 potions of attraction
 i - a potion of might
 k - a potion of resistance {unknown}
 l - a potion of berserk rage {unknown}
 m - a potion of degeneration {unknown}
 o - a potion of invisibility {unknown}
 r - a potion of heal wounds {unknown}
 t - 2 potions of magic {unknown}
 u - a potion of curing {unknown}
 v - 2 potions of brilliance {unknown}


   Skills:
 + Level 2.0 Fighting
 + Level 10.0 Dodging
 - Level 2.0 Stealth
 * Level 5.4 Unarmed Combat
 - Level 3.2 Shapeshifting


You had 5 spell levels left.
You didn't know any spells.
Your spell library contained the following spells:

 Spells                   Type           Power      Damage    Failure   Level
 Cigotuvi's Dreadful Rot  Necr/Pois/Air  0%         N/A       50%         2
 Ozocubu's Armour         Ice            0%         N/A       75%         3
 Summon Guardian Golem    Hex/Summ       0%         N/A       75%         3
 Dispel Undead            Necr           0%         3d6       98%         4
 Death Channel            Necr           0%         N/A       100%        6
 Orb of Destruction       Conj           0%         9d5       100%        7
 Ozocubu's Refrigeration  Ice            0%         4d7       100%        7
 Spellforged Servitor     Conj/Summ      0%         N/A       100%        7


Dungeon Overview and Level Annotations

Branches:
Dungeon (6/15)
 Temple: D:4-7

Altars:
Dithmenos
Elyvilon
Gozag
Uskayaw
Vehumet

Annotations:
D:3 Jessica


Innate Abilities, Weirdness & Mutations

You are a hulking beast.
Your limbs bulge with bestial killing power. (Slay +2)
You have sharp claws.
You have razor-sharp teeth.
You have supernaturally acute eyesight. (SInv)
You cover ground quickly. (Speed+)
You are covered in thick fur. (AC +2)
Your paws help you pounce on unaware monsters.
You are incapable of wielding weapons or throwing items.
You cannot wear armour.
You gain extra lives every three experience levels.
You are somewhat resistant to further mutation.
You occasionally lose the ability to read scrolls when taking damage.


Message History

You hear a shout!
You climb upwards.
There is a stone staircase leading down here.
You barely miss the gnoll. Your bite misses the gnoll.
The gnoll completely misses you.
You scratch the gnoll but do no damage. Your bite misses the gnoll.
The gnoll misses you.
You scratch the gnoll.
The gnoll is heavily wounded.
The gnoll misses you.
You scratch the gnoll.
The gnoll is almost dead.
The gnoll misses you.
You scratch the gnoll.
You kill the gnoll!
Your attacks no longer feel as feeble.
Your Dodging skill increases to level 10!
You now have 348 gold pieces (gained 7).
You see here a +0 spear.
There is a stone staircase leading down here.
You climb downwards.
The sleepcap completely misses you. The gnoll hits you with a +0 whip.
The gnoll bouda gazes fiercely through you!
You feel your attacks grow feeble.
A gnoll comes into view. It is wielding a +0 whip.
The sleepcap releases spores at you.
There is a stone staircase leading up, spattered with blood here.
The sleepcap releases spores at you.
You are engulfed in a cloud of soporific spores!
You fall asleep.
You stop ascending the stairs.
A gnoll comes into view. It is wielding a +0 halberd.
The sleepcap releases spores at you.
You wake up.
You are engulfed in a cloud of soporific spores!
You are unaffected.
The gnoll bouda hits you with a +0 club!
You feel threatened and lose the ability to read scrolls!
Ouch! That really hurt!
You die...
Your body crumbles into a pile of gold.

# #.###
#.fh##
.###gg.###
#..gg.....#
#####...#.#
##.##.# #.#
.. #.# ###
#.# #.


You could see a sleepcap, a gnoll bouda and 3 gnolls.

Vanquished Creatures
  A black bear (D:5)
  6 scorpions (D:5)
  3 hounds
  A jelly (D:5)
  An orc priest (D:4)
  A sleepcap (D:3)
  3 iguanas
  5 gnolls
  10 adders
  An ufetubus (D:4)
  3 dart slugs
  11 orcs
  7 endoplasms
  A giant cockroach (D:4)
  8 goblins
  9 hobgoblins
  2 jackals (D:5)
  4 kobolds
  4 quokkas
  4 ball pythons
  5 bats
  5 frilled lizards
  4 rats
99 creatures vanquished.

Notes
Turn   | Place    | Note
-------+----------+-------------------------------------------
     0 | D:1      | avis the Felid Shapeshifter began the quest for the Orb.
     0 | D:1      | Reached XP level 1. HP: 9/9 MP: 2/2
    84 | D:1      | Reached skill level 3 in Dodging
    84 | D:1      | Reached XP level 2. HP: 12/12 MP: 3/3
    90 | D:1      | Found a faded altar of an unknown god.
   994 | D:2      | Reached XP level 3. HP: 14/15 MP: 4/4
  1040 | D:2      | Reached skill level 4 in Dodging
  1119 | D:2      | Reached XP level 4. HP: 14/19 MP: 5/5
  1851 | D:3      | Reached skill level 5 in Dodging
  2150 | D:3      | Noticed Jessica
  2215 | D:3      | Reached skill level 1 in Stealth
  2334 | D:3      | Found a shadowy altar of Dithmenos.
  2649 | D:4      | Reached XP level 5. HP: 22/22 MP: 6/6
  2667 | D:3      | Reached skill level 6 in Dodging
  2902 | D:4      | Identified the +5 short sword of Ceist {freeze, rF+ Int+3
                  | Stlth+}
  3106 | D:4      | HP: 1/22 [hound (3)]
  3108 | D:4      | Slain by a hound
  3109 | D:4      | Reached XP level 4. HP: -2/19 MP: 5/5
  3145 | D:4      | Reached XP level 5. HP: 20/22 MP: 6/6
  3171 | D:4      | Found an opulent altar of Gozag.
  3195 | D:4      | Became a worshipper of Gozag Ym Sagoz the Greedy
  3207 | D:4      | Reached skill level 7 in Dodging
  3317 | D:4      | Found a white marble altar of Elyvilon.
  3429 | D:5      | Entered Level 5 of the Dungeon
  3631 | D:5      | Gained mutation: You are covered in thick fur. (AC +2)
                  | [Felid growth]
  3631 | D:5      | Reached XP level 6. HP: 26/26 MP: 7/7
  3690 | D:5      | Reached skill level 8 in Dodging
  3714 | D:5      | Found a radiant altar of Vehumet.
  3714 | D:5      | Found a hide-covered altar of Uskayaw.
  3785 | D:5      | Reached skill level 9 in Dodging
  3785 | D:5      | Reached XP level 7. HP: 30/30 MP: 8/8
  3845 | D:5      | Reached skill level 5 in Unarmed Combat
  3965 | D:5      | Gained mutation: You occasionally lose the ability to read
                  | scrolls when taking damage. [potion of mutation]
  3965 | D:5      | Gained mutation: You are somewhat resistant to further
                  | mutation. [potion of mutation]
  3967 | D:5      | Slain by a scorpion
  3968 | D:5      | Reached XP level 6. HP: -3/26 MP: 7/7
  4528 | D:5      | Reached skill level 10 in Dodging
  4534 | D:6      | Slain by a gnoll bouda

Illustrated notes

Levels and vault maps discovered:
D:1:      dpeg_arrival_arbitrary_c, layout_basic,
          shapermc_ecumenical_altar_notcrosses, st_stairs_13
D:2:      layout_loops_ring
D:3:      layout_loops_ring, grunt_dithmenos_smoke_and_mirrors, chequers_garden,
          uniq_jessica
D:4:      minmay_evil_eye, layout_cave_pools, lemuel_round_altar,
          grunt_gozag_statues
D:5:      old_forge, layout_loops_ring, gammafunk_temple_overflow_statue
D:6:      layout_loops_ring, mainiacjoe_overflow_chevrons, uniq_blork_the_orc

Skill      XL: |  1  2  3  4  5  6  7 |
---------------+----------------------+-----
Dodging        | 3 4 5 7 10 | 10.0
Unarmed Combat | 4 5 |  5.4
Stealth        | 1 2 |  2.0
Fighting       | 2 |  2.0
Shapeshifting  | |  3.2

Action                     |  1- 3 |  4- 6 |  7- 9 || total
---------------------------+-------+-------+-------++-------
  Melee: Unarmed           |    55 |   163 |    54 ||   272
         Bite              |     4 |    15 |    10 ||    29
         Punch             |     3 |     4 |     3 ||    10
    Use: Potion            |       |       |     3 ||     3
   Stab: Sleeping          |     3 |    10 |       ||    13
         Distracted        |       |     1 |       ||     1
         Held in net/web   |       |       |     1 ||     1
 Armour: Skin              |     1 |     3 |     4 ||     8
  Dodge: Dodged            |    25 |   126 |    42 ||   193

Table legend: (Time is in decaauts)
 A = Elapsed time spent in this place.
 B = Non-inter-level travel time spent in this place.
 C = Inter-level travel time spent in this place.
 D = Time resting spent in this place.
 E = Time spent auto-exploring this place.
 F = Levels seen in this place.
 G = Mean time per level.
                   A        B        C        D        E       F      G
               +--------+--------+--------+--------+--------+-----+--------+
         Total |   3771 |   3407 |    364 |    238 |   2049 |   6 |  628.5 |
       Dungeon |   3771 |   3407 |    364 |    238 |   2049 |   6 |  628.5 |
               +--------+--------+--------+--------+--------+-----+--------+

Top non-repeatable levels by time:
     D:5: 832 daAuts
     D:3: 832 daAuts
     D:1: 765 daAuts
     D:2: 688 daAuts
     D:4: 642 daAuts
     D:6: 10 daAuts
